 Dungeon Crawl Stone Soup version 0.18-a0-1390-gc02854d (webtiles) character file.

202 M4edhros the Insei (level 5, -3/33 HPs)
             Began as an Octopode Artificer on Feb 22, 2016.
             Was a Follower of Zin.
             Slain by a gnoll
             ... wielding a +0 flail
              (9 damage)
             ... on level 4 of the Dungeon.
             The game lasted 00:03:49 (3292 turns).

M4edhros the Insei (Octopode Artificer)             Turns: 3292, Time: 00:03:49

Health: -3/33      AC:  1    Str: 10    XL:     5   Next: 80%
Magic:  6/6        EV: 12    Int: 19    God:    Zin [*.....]
Gold:   115        SH:  0    Dex: 15    Spells: 0 memorised, 4 levels left

rFire  . . .     SeeInvis .       - Unarmed
rCold  . . .     Gourm    +     (no shield)
rNeg   . . .     Faith    .     (helmet restricted)
rPois  +         Spirit   .     o - amulet of the gourmand
rElec  .         Dismiss  .     g - ring of poison resistance
rCorr  .         Reflect  .     p - ring of flight
SustAt .         Harm     .     (no ring)
MR     .....     Clarity  +     (no ring)
Stlth  +++.......               (no ring)
                                (no ring)
                                (no ring)
                                (no ring)

@: not resistant to hostile enchantments, fairly stealthy
A: almost no armour, amphibious, 8 rings, constrict 8, camouflage 1, agile 1,
clarity, clever 2, low mp 1, gelatinous body 1
a: Recite, Donate Gold, Renounce Religion, Evoke Flight


You were on level 4 of the Dungeon.
You worshipped Zin.
Zin was aware of your devotion.
You were not hungry.

You visited 1 branch of the dungeon, and saw 4 of its levels.

You collected 127 gold pieces.
You donated 12 gold pieces to Zin.

Inventory:

Hand Weapons
 a - a +0 short sword
Jewellery
 g - a ring of poison resistance (left tentacle)
 o - an amulet of the gourmand (around mantle)
 p - a ring of flight (right tentacle)
Wands
 b - a wand of flame (15/48)
 c - a wand of enslavement (15/24)
 d - a wand of random effects (15/48)
Scrolls
 e - a scroll of remove curse {unknown}
 j - 3 scrolls of magic mapping {unknown}
 l - a scroll of recharging {unknown}
 m - a scroll of fear {unknown}
Books
 i - a book of Callings

   Spells                             Type                      Level
   a - Summon Small Mammal            Summoning                    1
   b - Call Imp                       Summoning                    2
   c - Call Canine Familiar           Summoning                    3
   d - Summon Guardian Golem          Hexes/Summoning              3
   e - Summon Lightning Spire         Summoning/Air                4
   f - Summon Ice Beast               Ice/Summoning                4
Comestibles
 f - 5 bread rations
 h - a royal jelly
 n - 8 fruits
 q - a beef jerky


   Skills:
 - Level 1.0 Fighting
 - Level 1.0 Short Blades
 - Level 2.0 Dodging
 - Level 1.3 Stealth
 + Level 5.3 Unarmed Combat
 - Level 3.2 Evocations


You had 4 spell levels left.
You didn't know any spells.

Dungeon Overview and Level Annotations

Branches:
Dungeon (4/15)
 Temple: D:4-7

Altars:
Zin


Innate Abilities, Weirdness & Mutations

You cannot wear most types of armour.
You are amphibious.
You can wear up to eight rings at the same time.
You can use your tentacles to constrict eight enemies at once.
Your skin changes colour to match your surroundings (Stealth).
Your rubbery body absorbs attacks (AC +1).
You are agile. (Dex +2)
You possess an exceptional clarity of mind.
Your mind is very acute. (Int +4)
Your magical capacity is low (-10% MP).


Message History

* * * LOW HITPOINT WARNING * * *
Drink which item? (? for menu, Esc to quit)
You feel better. The gnoll barely misses you.
You struggle to escape the net.
The gnoll hits you with a flail.
* * * LOW HITPOINT WARNING * * *
You struggle against the net.
The gnoll hits you with a flail! Zin protects you from harm!
You slip out of the net!
The gnoll completely misses you.
Things that are here:
a leather armour; a whip; an orc corpse
Okay, then.
The gnoll throws a throwing net.
The throwing net hits you.
You become entangled in the net!
You see here a throwing net.
You struggle against the net.
You try to slip out of the net.
You try to slip out of the net.
The gnoll hits you with a flail.
* * * LOW HITPOINT WARNING * * *
You slip out of the net!
The gnoll hits you with a flail!
You die...

### #..........
####.###.####.####
#.................
+#######.##..............
..............#.#........
#.##.####.##.#.#.#....####
#.##.####.##.#...######
..............>..
#.##.##.####@##.##..##
.........(.g....###.#
....[.#.####.#### .. #.##.
#.# #.# .. ... #.# ## ##..
#.. #..# ### #..# +...


You could see a gnoll.

Vanquished Creatures
  A crimson imp (D:2)
  A hound (D:3)
  2 gnolls (D:4)
  5 adders
  A dart slug (D:2)
  3 giant geckos (D:1)
  An orc (D:4)
  2 giant cockroaches
  10 hobgoblins
  3 jackals (D:1)
  5 bats
  8 giant newts
  9 goblins
  13 kobolds
  A quokka skeleton (D:4)
  3 rats
68 creatures vanquished.

Notes
Turn   | Place    | Note
--------------------------------------------------------------
     0 | D:1      | M4edhros the Octopode Artificer began the quest for the Orb.
     0 | D:1      | Reached XP level 1. HP: 13/13 MP: 3/3
   154 | D:1      | Reached skill level 1 in Unarmed Combat
   421 | D:1      | Reached XP level 2. HP: 18/18 MP: 4/4
   544 | D:1      | Reached skill level 2 in Unarmed Combat
   764 | D:1      | Reached XP level 3. HP: 19/23 MP: 5/5
  1409 | D:2      | Reached skill level 3 in Unarmed Combat
  1669 | D:2      | Reached XP level 4. HP: 13/28 MP: 6/6
  1737 | D:2      | Gained mutation: Your mind is acute. (Int +2) [potion of mutation]
  1737 | D:2      | Gained mutation: You possess an exceptional clarity of mind. [potion of mutation]
  1737 | D:2      | Gained mutation: You are agile. (Dex +2) [potion of mutation]
  2149 | D:2      | Reached skill level 4 in Unarmed Combat
  2325 | D:2      | Reached XP level 5. HP: 20/33 MP: 7/7
  2460 | D:3      | Gained mutation: Your magical capacity is low (-10% MP). [potion of mutation]
  2460 | D:3      | Gained mutation: Your mind is very acute. (Int +4) [potion of mutation]
  2978 | D:3      | Reached skill level 5 in Unarmed Combat
  3096 | D:3      | Found a glowing silver altar of Zin.
  3176 | D:3      | Became a worshipper of Zin the Law-Giver
  3176 | D:3      | Reached * piety under Zin
  3284 | D:4      | Zin protects you from harm!
  3292 | D:4      | Slain by a gnoll

Vault maps used:
D:1:      roderic_lyre
D:2:      first_bread, grunt_ministairs_1, corexii_shack
D:3:      lemuel_crystal_altar
D:4:      uniq_blork_the_orc, uniq_eustachio, uniq_natasha

Skill      XL: |  1  2  3  4  5 |
---------------+----------------+-----
Unarmed Combat | 1 2 3 4 5 |  5.3
Fighting       | |  1.0
Short Blades   | |  1.0
Dodging        | |  2.0
Stealth        | |  1.3
Evocations     | |  3.2

Action                   |  1- 3 |  4- 6 || total
-------------------------+-------+-------++-------
Melee: Unarmed           |    82 |    79 ||   161
       Short sword       |     1 |       ||     1
  Use: Potion            |       |     5 ||     5
 Stab: Sleeping          |     7 |     7 ||    14
       Distracted        |     1 |       ||     1
  Eat: Pizza             |     1 |       ||     1
       Chunk             |       |     1 ||     1
       Meat ration       |       |     1 ||     1
